[Event "7th Sharjah Masters 2024"]
[Site "Sharjah"]
[Date "2024.05.18"]
[Round "5.25"]
[White "Gledura, Benjamin"]
[Black "Pranav Anand"]
[Result "1/2-1/2"]
[ECO "A07"]
[WhiteElo "2619"]
[BlackElo "2532"]
[Annotator "TA"]
[PlyCount "111"]
[EventDate "2024.05.13"]
[EventType "swiss"]
[EventCountry "UAE"]
[SourceTitle "playchess.com"]
[Source "ChessBase"]
[SourceQuality "1"]
[TimeControl "5400+30"]

1. Nf3 Nf6 2. g3 d5 3. Bg2 e6 4. O-O Be7 5. d3 O-O 6. Bf4 {[%emt 0:01:07] A07: Réti Opening: New York and Capablanca Systems.} b5 7. a3 $146 ({Predecessor:} 7. Nbd2 Nbd7 8. c4 c6 9. a4 Qe8 10. Re1 Nh5 11. Be5 Nxe5 12. Nxe5 Bf6 13. Nef3 Bxb2 14. Rb1 Bf6 15. cxd5 exd5 16. e4 {½-½ Kapsia,V (1490)-Hosek,M (1843) Morava-ch U16 2008 (1)}) 7... Bb7 8. Nc3 a6 9. e4 c5 10. e5 Nfd7 11. Re1 Nc6 12. h4 b4 13. axb4 Nxb4 14. Qd2 Qb6 15. h5 Rfc8 16. h6 g6 17. Bg5 Bf8 18. Nh2 Nc6 19. Ng4 Nd4 20. Ra2 Nf5 21. b3 Bc6 22. Rea1 Qb4 23. Bf4 Qb7 24. Ne2 d4 25. Bxc6 Qxc6 26. Qd1 Be7 (26... Ne7 $11) 27. Kh2 $14 Qd5 28. Qh1 (28. Rxa6 g5 29. Bd2 Nxe5 30. Nxe5 Rxa6 31. Rxa6 Qxe5) (28. Ng1 $1 $14) 28... g5 $1 $11 29. Qxd5 (29. Rxa6 $2 Qxh1+ 30. Kxh1 Rxa6 31. Rxa6 Nb8 $17 (31... gxf4 $2 32. Nxf4 Nb8 33. Rb6 $19)) 29... exd5 30. Rxa6 Rxa6 31. Rxa6 gxf4 32. Nxf4 Nb8 33. Rb6 Nc6 (33... Rd8 $5) 34. Nxd5 Bf8 35. Kg2 Kh8 36. Kf3 ({Better is} 36. Rb7 $1 $14) 36... Nxh6 $11 37. Nxh6 Bxh6 38. Ke4 Bf8 39. Rb7 Kg7 (39... Re8 $5 40. f4 $8 (40. Rxf7 $2 Rxe5+ 41. Kf3 Be7 $19) 40... Kg7 $11) 40. f4 Kg6 41. g4 Kg7 42. Rd7 (42. f5 $5 Re8 $8 43. e6 $11) 42... Nb8 $1 43. Ra7 (43. Rb7 $5 Nc6 $8 44. Rd7 $14) 43... Nc6 44. Rb7 Kg6 (44... h6 $11 {remains equal.}) 45. f5+ (45. Nf6 $16 {aiming for f5+.} Kg7 (45... Be7 46. Nd5 $16) 46. f5) 45... Kg5 $1 $11 46. Nf6 $1 Bg7 ({And not} 46... Be7 47. Nxh7+ (47. Nd5 $2 Re8 $19) 47... Kh6 (47... Kxg4 $2 {too greedy.} 48. f6 $18) 48. f6 Kxh7 49. fxe7 $16) 47. Nxh7+ Kh6 $1 48. Nf6 Nxe5 49. Kxe5 Re8+ 50. Kd5 Bxf6 51. Rxf7 Re5+ 52. Kc4 Kg5 53. Rf8 Re2 54. Rg8+ Kf4 55. Kxc5 Rxc2+ 56. Kd5 1/2-1/2

[Event "7th Sharjah Masters 2024"]
[Site "Sharjah"]
[Date "2024.05.18"]
[Round "5.26"]
[White "Krzyzanowski, Marcin"]
[Black "Petrosyan, Manuel"]
[Result "1/2-1/2"]
[ECO "B30"]
[WhiteElo "2526"]
[BlackElo "2618"]
[Annotator "TA"]
[PlyCount "171"]
[EventDate "2024.05.13"]
[EventType "swiss"]
[EventCountry "UAE"]
[SourceTitle "playchess.com"]
[Source "ChessBase"]
[SourceQuality "1"]
[TimeControl "5400+30"]

1. e4 c5 2. Nf3 Nc6 3. Bb5 e6 4. Bxc6 bxc6 5. d3 Qc7 6. h4 {[%emt 0:05:34] B30: Sicilian: 2...Nc6 3 Bb5, lines without ...g6.} e5 7. h5 d5 8. Qe2 $146 ({Predecessor:} 8. Nc3 d4 9. Ne2 h6 10. Nd2 Nf6 11. Ng3 Bg4 12. f3 Be6 13. Nc4 Be7 14. Qe2 {½-½ Jain,K (2338)-Samant,A (2511) Qatar Masters op 2023 (9)}) 8... f6 9. c4 d4 10. Nh4 g6 11. g3 Bd6 12. Nd2 Ne7 13. Qf3 Rf8 14. Nb3 Be6 15. Bh6 Rf7 16. Bd2 Qd7 17. hxg6 hxg6 18. Qe2 Rh7 19. O-O-O O-O-O 20. Qf3 Rdh8 21. Qxf6 Ng8 22. Qf3 Bg4 23. Qg2 Bxd1 24. Rxd1 Qg4 25. f3 Qe6 26. Bg5 Nh6 27. f4 exf4 28. e5 Bf8 29. Na5 Kd7 30. Nxg6 Qxg6 31. Bf6 Ke8 32. Qxc6+ Kf7 33. Qd5+ Ke8 34. Qd8+ Kf7 35. Qd5+ Ke8 36. Qc6+ Kf7 37. gxf4 Kg8 38. Qd5+ Rf7 39. Nc6 Rhh7 40. Nd8 Nf5 41. Nxf7 Rxf7 42. Rh1 Bh6 43. Qd8+ Rf8 44. Qd5+ Rf7 45. Qd8+ Rf8 46. Qd7 Bxf4+ 47. Kb1 Bh6 48. Qd5+ (48. Qxa7 Qg2 49. Re1 Qg3 $17) 48... Kh7 49. Qxc5 ({White should play} 49. a3 $1 $16) 49... Rf7 $1 $11 50. Qc8 Ng7 51. Rd1 (51. Ka1 $11) 51... Qh5 ({Better is} 51... Qg2 $15 52. Qd8 Qe2) 52. Rf1 Qe2 53. Qh3 Qe3 (53... Rb7 $5 54. b3 $8 Qe3 $11) 54. Rh1 Qxh3 55. Rxh3 Ne6 56. b4 Kg6 57. Kc2 Bf8 58. Rg3+ (58. b5 $11 {remains equal.}) 58... Kf5 $17 59. a3 a5 60. Kb3 $2 (60. bxa5 $17 Ra7 (60... Bxa3 61. Rf3+ Kg4 62. Rf1 $19) 61. Bh8) 60... axb4 $19 61. axb4 {[%emt 0:00:01] [#]} Rb7 $1 62. b5 {[%emt 0:00:12] [#]} Ra7 $1 63. Rh3 Kg4 $2 (63... Nf4 $19 64. Rf3 Ra3+ 65. Kc2 Kg4 66. Rxf4+ Kxf4) 64. Rh4+ $15 Kf3 65. c5 $1 Nxc5+ 66. Kc4 Ra4+ 67. Kd5 Nxd3 68. Bg5 Rb4 69. b6 Rxb6 70. Kxd4 Nc5 71. Rf4+ Ke2 72. Kd5 Ne6 73. Rf6 Nc7+ 74. Ke4 Rb4+ 75. Kf5 Rb8 76. Rc6 Nb5 77. Kg6 Ba3 78. Bf6 Nd4 79. Ra6 Rb3 80. e6 Rg3+ 81. Kf7 Nf5 82. e7 Bxe7 83. Bxe7 Nxe7 84. Kxe7 Re3+ 85. Re6 Rxe6+ 86. Kxe6 1/2-1/2

[Event "7th Sharjah Masters 2024"]
[Site "Sharjah"]
[Date "2024.05.18"]
[Round "5.27"]
[White "Aditya Mittal"]
[Black "Siddharth, Jagadeesh"]
[Result "1/2-1/2"]
[ECO "C02"]
[WhiteElo "2608"]
[BlackElo "2512"]
[Annotator "TA"]
[PlyCount "71"]
[EventDate "2024.05.13"]
[EventType "swiss"]
[EventCountry "UAE"]
[SourceTitle "playchess.com"]
[Source "ChessBase"]
[SourceQuality "1"]
[TimeControl "5400+30"]

1. e4 e6 2. d4 d5 3. e5 c5 4. c3 Nc6 5. Nf3 Bd7 6. Be2 f6 7. O-O fxe5 8. dxe5 Nh6 9. Re1 Be7 10. c4 d4 11. Bf4 ({White should play} 11. b4 $11) 11... O-O 12. Qd2 Nf5 13. Na3 h6 14. h3 Nb4 15. Bh2 Bc6 {[%emt 0:00:30] White must now prevent ...d3.} 16. Nc2 Nh4 17. Nxb4 Bxf3 ({Reject} 17... cxb4 18. Nxh4 Bxh4 19. Bg3 $14) 18. Bxf3 Nxf3+ ({Inferior is} 18... cxb4 19. Bxb7 d3 20. Rad1 $16 (20. Bxa8 Qxa8 21. f4 b3 $19)) 19. gxf3 cxb4 20. Qd3 Bc5 21. Re4 Qg5+ 22. Bg3 Qf5 23. Kg2 Rf7 24. Qe2 Raf8 25. Rf4 Qg6 26. Rxf7 Rxf7 27. Rd1 Qf5 28. f4 Rd7 29. Rd3 Qg6 30. f3 Rf7 31. Qe4 Qxe4 32. fxe4 g5 33. Kf3 gxf4 34. Bh4 {[%emt 0:00:30] The position is equal.} Rg7 35. Bf2 {[%emt 0:00:30] Prevents Rg1} Rf7 36. Bh4 {[%emt 0:00:30] Weighted Error Value: White=0.15 (very precise) /Black=0.10 (very precise) .  Mistake:       	White=1     	---        Inaccurate:     	White=4     	Black=3      OK:         	White=10    	Black=8      Best:        	White=1     	---} 1/2-1/2

[Event "7th Sharjah Masters 2024"]
[Site "Sharjah"]
[Date "2024.05.18"]
[Round "5.28"]
[White "Adhiban, B.."]
[Black "Idani, Pouya"]
[Result "1-0"]
[ECO "B12"]
[WhiteElo "2523"]
[BlackElo "2605"]
[Annotator "TA"]
[PlyCount "59"]
[EventDate "2024.05.13"]
[EventType "swiss"]
[EventCountry "UAE"]
[SourceTitle "playchess.com"]
[Source "ChessBase"]
[SourceQuality "1"]
[TimeControl "5400+30"]

1. e4 c6 2. d4 d5 3. e5 Bf5 4. Nc3 e6 5. g4 Bg6 6. Nge2 Be7 7. Nf4 Nd7 8. Be3 Qb6 9. Rb1 c5 {[%emt 0:09:52] The position is equal.} 10. Bb5 {[%emt 0:06:24] dxc5 is the strong threat.} O-O-O $1 11. O-O $1 Nh6 $2 {[%emt 0:19:29] [#]} (11... Nb8 $1 $11 {and Black is okay.}) 12. dxc5 $1 $18 Qc7 {[%emt 0:00:29] [#]} (12... Bxc5 $2 13. Bxd7+ Rxd7 14. Na4 Bxe3 15. Nxb6+ $18) 13. Ncxd5 $1 exd5 14. Nxd5 Nxe5 (14... Nxc5 $142 15. Nxc7 Rxd1 16. Rbxd1 (16. Rfxd1 Kxc7 17. b4 a6 $18) 16... Kxc7) 15. Nxc7 Rxd1 16. Rbxd1 Bxc2 17. Nd5 Bh4 18. Rc1 Be4 19. Nc3 Bf3 20. Bxh6 gxh6 21. Be2 h5 22. Bxf3 (22. gxh5 $2 Rg8#) 22... Nxf3+ 23. Kg2 hxg4 24. Nb5 a6 25. Nd6+ Kc7 26. h3 ({Resist} 26. Nxf7 Rf8 $18) 26... h5 27. hxg4 ({Weaker is} 27. Nxf7 Rf8 $16) 27... hxg4 28. Rh1 ({Less strong is} 28. Nxf7 Rf8 $16) 28... Rf8 29. Rc4 f5 30. Rf4 {[%emt 0:01:12] Black did not feel at home in the position after the opening.   Weighted Error Value: White=0.03 (flawless) /Black=0.31.  Loses game:     	---       	Black=1      Mistake:       	---       	Black=1      OK:         	White=15    	Black=10     Best:        	White=1     	---        Strong:       	White=2     	Black=1} 1-0

[Event "7th Sharjah Masters 2024"]
[Site "Sharjah"]
[Date "2024.05.18"]
[Round "5.29"]
[White "Gupta, Abhijeet"]
[Black "Gholami Orimi, Mahdi"]
[Result "1/2-1/2"]
[ECO "E52"]
[WhiteElo "2604"]
[BlackElo "2470"]
[Annotator "TA"]
[PlyCount "150"]
[EventDate "2024.05.13"]
[EventType "swiss"]
[EventCountry "UAE"]
[SourceTitle "playchess.com"]
[Source "ChessBase"]
[SourceQuality "1"]
[TimeControl "5400+30"]

1. Nf3 d5 2. d4 Nf6 3. c4 e6 4. Nc3 Bb4 5. e3 O-O 6. Bd2 b6 7. cxd5 exd5 8. Bd3 Bb7 9. O-O Bd6 10. Qb1 Re8 11. b4 Nbd7 12. a4 a6 13. b5 axb5 14. Nxb5 Bf8 15. Rc1 c5 16. Be1 c4 17. Bf5 Bc6 18. Qb2 Ne4 19. Bxe4 Rxe4 20. Bb4 Bxb4 21. Qxb4 Ra5 22. Nd2 {[%emt 0:08:27] A dynamic duo of knights.} Re8 23. h3 h6 24. Nc3 Qf6 25. Rd1 Qe7 26. Qxe7 Rxe7 {[%emt 0:00:01] [#]} 27. e4 $1 Nf6 28. Rdb1 Ra6 29. e5 Nd7 (29... Ne8 $1 $11) 30. f4 Re8 31. Nf1 $36 {[%emt 0:01:49][%mdl 2048] White is on the roll.} f6 32. Ne3 fxe5 33. fxe5 Nxe5 34. Nexd5 $1 $18 (34. dxe5 $6 d4 35. Ned5 dxc3 $16) 34... Bxd5 35. Nxd5 Ra5 36. Nxb6 Nc6 37. d5 (37. Nxc4 $18 Rd5 38. Rd1) 37... Ne5 $16 38. Rc1 (38. d6 {is more complex.} c3 39. d7 Rd8 40. Ra2) 38... Rd8 39. Rab1 (39. Nxc4 Nxc4 40. Rxc4 Rdxd5 $14) 39... Nd7 40. Rxc4 Rb8 41. Rc8+ Rxc8 42. Nxc8 {[%emt 0:00:04] Rb7 would now be deadly.} Rxa4 $14 {[%emt 0:00:16][%mdl 4096] Endgame. KRN-KRN} 43. Rb7 Nf6 44. Ne7+ Kh8 (44... Kh7 $14) 45. d6 $16 Rd4 (45... Ra1+ $142 46. Kh2 Rd1) 46. Nf5 {[%emt 0:00:12][%csl LRd4,LRg7] White is more active.} Rd5 (46... Rd1+ $16 47. Kh2 h5 48. Rxg7 Rxd6) 47. g4 $18 (47. Nxg7 $6 Rxd6 48. Nf5 Rd1+ 49. Kh2 h5 $16) 47... Ne4 48. d7 ({Less strong is} 48. Nxg7 Rxd6 49. Nh5 Nf6 $14) (48. Rxg7 Rd1+ 49. Kg2 Nxd6 $11) 48... Kh7 {[%emt 0:00:20] [#]} 49. d8=Q $1 Rxd8 50. Rxg7+ ({And not} 50. Nxg7 Kg6 $11) 50... Kh8 51. Rg6 $1 {[%emt 0:00:03] Prevents Nd6} h5 52. Rh6+ (52. gxh5 Ra8 $14) 52... Kg8 53. Rxh5 ({Stronger than} 53. gxh5 Kf7 $11) 53... Rd2 54. Ne3 Re2 55. Nd5 {[%emt 0:00:54] Hoping for Re5.} Ng3 (55... Ra2 {was called for.} 56. Re5 Nd2) 56. Rg5+ Kf7 57. Nf4 Ra2 58. Re5 Kf6 59. Rb5 Ne4 60. Rf5+ Kg7 61. Re5 Ra1+ 62. Kg2 Ra2+ 63. Kf3 Nd2+ 64. Kg3 Ra3+ 65. Kg2 Nf3 66. Re7+ Kh6 67. Re2 $2 (67. Kf2 $18 {And now Re3 would win.} Ng5 68. Re3) 67... Kg5 68. Nd5 {[%emt 0:00:29] Threatens to win with Re3.} Kh4 $2 (68... Nh4+ $14 69. Kh2 Ng6) 69. Re3 $2 ({White should play} 69. Re8 $18) 69... Rxe3 $11 {The position is equal.} 70. Nxe3 {[%emt 0:00:01] KN-KN} Ne1+ 71. Kf2 Nd3+ 72. Kg2 {[%emt 0:00:08] Strongly threatening Nf5+.} Nf4+ 73. Kf3 Nxh3 74. Ng2+ Kg5 75. Kg3 Nf2 {[%emt 0:00:15] Black escapes into a draw.   Weighted Error Value: White=0.08 (flawless) /Black=0.15 (very precise) .  Loses game:     	---       	Black=1      Missed win:     	White=2     	---        Mistake:       	White=1     	Black=6      Inaccurate:     	White=3     	Black=4      OK:         	White=26    	Black=19     Best:        	White=7     	Black=12     Strong:       	White=2     	---} 1/2-1/2

[Event "7th Sharjah Masters 2024"]
[Site "Sharjah"]
[Date "2024.05.18"]
[Round "5.30"]
[White "Blohberger, Felix"]
[Black "Kuybokarov, Temur"]
[Result "1/2-1/2"]
[ECO "A07"]
[WhiteElo "2506"]
[BlackElo "2602"]
[Annotator "TA"]
[PlyCount "47"]
[EventDate "2024.05.13"]
[EventType "swiss"]
[EventCountry "UAE"]
[SourceTitle "playchess.com"]
[Source "ChessBase"]
[SourceQuality "1"]
[TimeControl "5400+30"]

1. Nf3 d5 2. g3 Bg4 3. Bg2 c6 4. h3 Bxf3 5. Bxf3 Nd7 6. O-O e5 7. d3 Ngf6 8. e4 {[%emt 0:00:14] The position is equal.} Bc5 9. exd5 Nxd5 10. Nc3 Nc7 11. Na4 Be7 12. d4 exd4 13. Qxd4 Ne6 14. Qe3 Qa5 15. b3 h5 {[%emt 0:17:29] Prevents Bg4.} 16. Bb2 Qf5 17. Bg2 Bf6 18. Rfe1 O-O 19. Rad1 Rfd8 20. Qd3 Qa5 21. Bc3 Bxc3 22. Qxc3 Qc7 23. h4 Rac8 (23... Nf6 $11) 24. Bf3 {[%emt 0:01:18] Weighted Error Value: White=0.06 (flawless) /Black=0.10 (very precise) .  Mistake:       	White=1     	Black=1      Inaccurate:     	White=1     	Black=1      OK:         	White=7     	Black=10} (24. Bh3 $16) 1/2-1/2

[Event "7th Sharjah Masters 2024"]
[Site "Sharjah"]
[Date "2024.05.18"]
[Round "5.31"]
[White "Sjugirov, Sanan"]
[Black "Assaubayeva, Bibisara"]
[Result "0-1"]
[ECO "E66"]
[WhiteElo "2692"]
[BlackElo "2481"]
[Annotator "TA"]
[PlyCount "86"]
[EventDate "2024.05.13"]
[EventType "swiss"]
[EventCountry "UAE"]
[SourceTitle "playchess.com"]
[Source "ChessBase"]
[SourceQuality "1"]
[TimeControl "5400+30"]

1. c4 Nf6 2. g3 g6 3. Bg2 Bg7 4. d4 O-O 5. Nc3 d6 6. Nf3 c5 7. O-O Nc6 8. d5 Na5 9. Nd2 e6 10. Qc2 Rb8 11. b3 exd5 12. cxd5 b5 13. Bb2 {[%emt 0:00:30] White has an edge.} b4 14. Nd1 Ba6 15. Re1 Re8 16. a3 (16. Ne3 $14) 16... Bxe2 $11 17. Ne3 Bb5 18. axb4 cxb4 19. Bd4 (19. Qb1 {simplifies} a6 20. Nc2 Rxe1+ 21. Qxe1 Bd3 22. Nd4) 19... Nb7 (19... Nxd5 $15 20. Bxg7 Nxe3 21. Rxe3 Rxe3 (21... Kxg7 22. Qb2+ f6 23. Rxe8 $11) 22. fxe3 Kxg7) 20. Rxa7 Nc5 21. Rea1 Nfd7 22. Nf3 Bd3 23. Qb2 Bxd4 24. Nxd4 Qf6 25. R1a2 Bb1 26. Qxb1 (26. Ne6 $1 $11 {remains equal.} Qxb2 (26... Bxa2 27. Ng4 $11) 27. Rxb2) 26... Qxd4 $17 27. Qb2 {[%emt 0:00:30] [#]} Qc3 $36 {[%emt 0:00:30][%mdl 2048] Black is really pushing. Black is more active.} 28. Bf1 Ne5 (28... Qxb3 $2 {loses.} 29. Qxb3 Nxb3 30. Rxd7 $18) 29. Rc7 (29. Bc4 $142) 29... Qxb3 30. Qxb3 Nxb3 31. f4 Nf3+ 32. Kf2 Nxh2 {[%emt 0:00:30] A dynamic duo of knights.} 33. Bc4 {[%emt 0:00:30] Now White is beyond hope.} (33. Bh3 $17) 33... Nc5 $19 34. Raa7 {[%emt 0:00:30] [#]} Ra8 $1 35. Rxf7 {[%emt 0:00:30] Hoping for Rg7+.} Rxa7 36. Rxa7 b3 {[%emt 0:00:30] ...b2 would now be deadly.} 37. Nd1 (37. Ra3 b2 38. Ba2 Ne4+ 39. Ke2 (39. Kg2 $2 Nd2 $19)) 37... Ng4+ 38. Kf3 h5 39. Ra3 Re1 40. Be2 Kg7 {[%emt 0:00:30][%cal Oc5e4] aiming for ...Ne4!} 41. Ra7+ Kf6 {[%emt 0:00:30] Black is clearly winning.} 42. Ra8 Ne4 43. Re8 (43. Kxe4 $142 Rxe2+ 44. Kd3) 43... Nh2+ {[%emt 0:00:30] Weighted Error Value: White=0.39/Black=0.10 (very precise) .  Mistake:       	White=6     	Black=1      Inaccurate:     	White=1     	Black=1      OK:         	White=12    	Black=18     Best:        	White=3     	Black=4      Strong:       	---       	Black=1} 0-1

[Event "7th Sharjah Masters 2024"]
[Site "Sharjah"]
[Date "2024.05.18"]
[Round "5.32"]
[White "Kacharava, Nikolozi"]
[Black "Ivanchuk, Vasyl"]
[Result "0-1"]
[ECO "B62"]
[WhiteElo "2527"]
[BlackElo "2609"]
[Annotator "TA"]
[PlyCount "120"]
[EventDate "2024.05.13"]
[EventType "swiss"]
[EventCountry "UAE"]
[SourceTitle "playchess.com"]
[Source "ChessBase"]
[SourceQuality "1"]
[TimeControl "5400+30"]

1. e4 c5 2. Nf3 d6 3. d4 cxd4 4. Nxd4 Nf6 5. Nc3 Nc6 6. Bg5 e6 7. Qd3 Bd7 8. O-O-O a6 9. f4 h6 {[%emt 0:00:05] B62: Sicilian: Richter-Rauzer: 6...e6: Unusual White 7th moves.} 10. Bh4 g5 11. fxg5 Ng4 12. Nxc6 Bxc6 13. Qf3 Ne5 14. Qf6 Ng6 15. Bg3 hxg5 16. Qd4 Qa5 17. Be2 $146 ({Predecessor:} 17. a4 Qc5 18. Bxd6 Qxd4 19. Rxd4 Bg7 20. Rc4 Rd8 21. Bc7 Rd4 22. Ba5 Rxc4 23. Bxc4 {0-1 Naiditsch,A (2700)-Vachier Lagrave,M (2684) FRA-chT Top 16 GpA 2009 (6)}) 17... Rh7 18. Kb1 O-O-O 19. Rhf1 Nf4 20. Bxf4 gxf4 (20... Bg7 {seems wilder.} 21. Qc4 gxf4 22. Rxf4 Be5) 21. Qf6 (21. Rxf4 $2 e5 22. Rf5 (22. Bg4+ $2 Kb8 $19) 22... exd4 $19) 21... Rd7 22. Qxf4 (22. Rxf4 $2 {loses.} Bg7 $19 (22... Rxh2 23. Rg4 $11) (22... Rxh2 23. Rg4 $11)) 22... Bg7 23. Rd3 (23. Rxd6 $2 {perishes.} Be5 24. Rxc6+ bxc6 $19) (23. Qg3 $11) 23... Be5 $17 24. Qg4 $1 Rg7 25. Qh3 Kb8 26. a3 Rc7 (26... Qb6 $17 {[%cal Oc6e4] Threatens to win with ...Bxe4!} 27. Bf3 Rc7) 27. Re3 $2 (27. Rxd6 $11 {and White stays safe.} Qc5 (27... Bxc3 28. bxc3 Rg8 29. Rfd1 $11) 28. Rd8+ Ka7 29. Qf3) 27... Qc5 28. Rc1 Rxg2 29. Qxg2 Qxe3 30. Qg1 Qxg1 31. Rxg1 Bxh2 32. Rg8+ Ka7 33. Bd3 Be5 34. Nd1 Re7 35. Ne3 Re8 36. Rg4 b5 37. c3 Rh8 38. Rg1 $2 (38. Nf1) 38... Rh3 $19 39. Re1 Bf4 40. Nc2 Rxd3 41. Nb4 Bxe4 42. Rxe4 Rf3 43. a4 d5 44. Rd4 Bd6 45. Nc2 (45. axb5 $142 axb5 46. Nc2) 45... bxa4 $19 46. Rxa4 Rf4 47. b4 Be5 48. Ra3 Kb6 49. Ne3 Re4 50. Nd1 Re2 51. Nb2 Bd6 52. Ra5 $2 (52. c4 Bxb4 53. Rb3) 52... f5 $19 53. Na4+ Kb7 54. b5 axb5 55. Rxb5+ Kc7 56. Rb2 Rxb2+ 57. Nxb2 e5 58. Kc2 e4 59. Nd1 Bc5 60. Kd2 Kd6 0-1

[Event "7th Sharjah Masters 2024"]
[Site "Sharjah"]
[Date "2024.05.18"]
[Round "5.33"]
[White "Nikitenko, Mihail"]
[Black "Jumabayev, Rinat"]
[Result "1/2-1/2"]
[ECO "C55"]
[WhiteElo "2529"]
[BlackElo "2597"]
[Annotator "TA"]
[PlyCount "41"]
[EventDate "2024.05.13"]
[EventType "swiss"]
[EventCountry "UAE"]
[SourceTitle "playchess.com"]
[Source "ChessBase"]
[SourceQuality "1"]
[TimeControl "5400+30"]

1. e4 e5 2. Nf3 Nc6 3. Bc4 Nf6 4. d3 a6 5. Ng5 d5 6. exd5 Na5 7. Qe2 Bd6 8. Nc3 {[%emt 0:14:41] White has an edge.} b5 {[%emt 0:02:44] The position is equal.} 9. Bb3 Nxb3 10. axb3 Bb7 11. d4 Qe7 12. dxe5 Qxe5 13. Bf4 Qxe2+ 14. Nxe2 Bxf4 15. Nxf4 {[%emt 0:00:12] A dynamic duo of knights.} Nxd5 16. Nd3 h6 17. Nf3 O-O-O 18. O-O Rhe8 19. Rfe1 Rxe1+ 20. Rxe1 a5 21. Nfe5 {[%emt 0:07:13] Weighted Error Value: White=0.04 (flawless) /Black=0.00 (flawless) .  OK:         	White=7     	Black=11     Best:        	---       	Black=1} 1/2-1/2

[Event "7th Sharjah Masters 2024"]
[Site "Sharjah"]
[Date "2024.05.18"]
[Round "5.34"]
[White "Madaminov, Mukhiddin"]
[Black "Peralta, Fernando"]
[Result "*"]
[ECO "C42"]
[WhiteElo "2506"]
[BlackElo "2575"]
[Annotator "TA"]
[PlyCount "77"]
[EventDate "2024.05.13"]
[EventType "swiss"]
[EventCountry "UAE"]
[SourceTitle "playchess.com"]
[Source "ChessBase"]
[SourceQuality "1"]
[TimeControl "5400+30"]

1. e4 e5 2. Nf3 Nf6 3. Nxe5 d6 4. Nf3 Nxe4 5. Nc3 Nxc3 6. dxc3 Be7 7. Be3 O-O 8. Qd2 Nd7 9. O-O-O Nf6 10. Bd4 Re8 11. Bd3 {[%emt 0:00:30] Repels Ne4} d5 12. c4 c5 13. Bxf6 Bxf6 14. cxd5 Qd6 15. Rde1 Bd7 16. Ng5 Bxg5 17. Qxg5 h6 18. Qd2 Rxe1+ (18... Qxd5 $2 {loses.} 19. Rxe8+ (19. Bh7+ Kxh7 20. Qxd5 Be6 $18) 19... Rxe8 20. Bh7+ Kxh7 21. Qxd5 $18) 19. Rxe1 Qxh2 20. g3 Qh5 21. c4 Qf3 22. Re5 (22. Re7 $5 Rd8 $8 23. Re3 $11) 22... Qf6 23. Qe3 Qd6 24. Bf5 Bxf5 25. Rxf5 $14 {[%emt 0:00:30][%mdl 4096] Endgame. KQR-KQR} Kf8 26. Qe6 {[%emt 0:00:30] White is more active.} (26. Re5 $14) 26... Qe7 $11 27. Kd2 Qc7 {[%emt 0:00:30] [#] And now ...Re8 would win.} 28. b4 {[%emt 0:00:30] d6 is the strong threat.} Kg8 29. Qe5 Qb6 30. bxc5 Qxc5 31. Rf4 b5 32. Qd4 (32. Qe3 $1 $11 Qb4+ 33. Qc3) 32... Qb4+ 33. Qc3 $132 {[%emt 0:00:30][%mdl 2048] White is not keeping still} Qd6 34. Ke2 (34. Qb3 {simplifies} bxc4 35. Qxc4 g5 36. Rd4) 34... Rd8 35. Rd4 $1 Qc5 36. Rg4 g6 {[%emt 0:00:30] Threatens to win with ...Rxd5.} 37. Qf6 Re8+ 38. Kf1 bxc4 39. Rxg6+ $1 {[%emt 0:00:30] Weighted Error Value: White=0.08 (flawless) /Black=0.07 (flawless) .  Mistake:       	White=2     	---        Inaccurate:     	White=1     	Black=3      OK:         	White=15    	Black=17     Best:        	White=2     	Black=3      Strong:       	White=2     	---} *

[Event "7th Sharjah Masters 2024"]
[Site "Sharjah"]
[Date "2024.05.18"]
[Round "5.35"]
[White "Yilmazyerli, Mert"]
[Black "Sanal, Vahap"]
[Result "1/2-1/2"]
[ECO "C67"]
[WhiteElo "2522"]
[BlackElo "2566"]
[Annotator "TA"]
[PlyCount "32"]
[EventDate "2024.05.13"]
[EventType "swiss"]
[EventCountry "UAE"]
[SourceTitle "playchess.com"]
[Source "ChessBase"]
[SourceQuality "1"]
[TimeControl "5400+30"]

1. e4 e5 2. Nf3 Nc6 3. Bb5 Nf6 4. O-O Nxe4 5. Re1 Nd6 6. Nxe5 Be7 7. Bf1 Nxe5 8. Rxe5 O-O 9. d4 Bf6 10. Re1 Nf5 11. c3 d5 12. Bf4 c6 {[%emt 0:00:20] The position is equal.} 13. Nd2 Nh4 14. Bd3 Bf5 15. Bxf5 Nxf5 16. Nf3 Re8 {[%emt 0:00:24] A rather calm draw.   Weighted Error Value: White=0.07 (flawless) /Black=0.02 (flawless) .  OK:         	White=1     	Black=2} 1/2-1/2